 Dungeon Crawl Stone Soup version 0.30.0 (webtiles) character file.

Game seed: 18416226383498917917

310 Kenran the Cudgeller (level 6, -1/51 HPs)
             Began as a Minotaur Delver on May 6, 2023.
             Slain by a gnoll
             ... wielding a +0 flail
             ... led by a gnoll bouda
              (5 damage)
             ... on level 5 of the Dungeon.
             The game lasted 00:02:17 (520 turns).

Kenran the Cudgeller (Minotaur Delver)               Turns: 520, Time: 00:02:18

Health: -1/51      AC:  8    Str: 18    XL:     6   Next: 17%
Magic:  5/5        EV:  8    Int:  7    God:
Gold:   0          SH:  0    Dex: 12    Spells: 5/5 levels left

rFire   + . .        a - +0 mace
rCold   + . .        (no shield)
rNeg    . . .        k - +0 chain mail
rPois   +            (helmet restricted)
rElec   +            (no cloak)
rCorr   +            (no gloves)
SInv    .            (no boots)
Will    .....        (no amulet) Stlth
                     (no ring)
HPRegen 0.28/turn    (no ring)
MPRegen 0.09/turn

%: no passive effects
@: resistant
A: horns 2, retaliatory headbutt
a: no special abilities


You were on level 5 of the Dungeon.
You visited 1 branch of the dungeon, and saw 2 of its levels.


Innate Abilities, Weirdness & Mutations

You have a pair of horns on your head.
You reflexively headbutt those who attack you in melee.


   Skills:
 - Level 3.6 Fighting
 + Level 7.9 Maces & Flails
 - Level 2.1 Dodging
 - Level 4.1 Stealth


You had 5 spell levels left.
You didn't know any spells.
Your spell library was empty.

Inventory:

Hand Weapons
 a - a +0 mace (weapon)
Armour
 k - a +0 chain mail (worn)
   (You found it on level 4 of the Dungeon)
Wands
 f - a wand of paralysis (7)
   (You found it on level 5 of the Dungeon)
 g - a wand of digging (3)
Scrolls
 c - a scroll of fog
 d - a scroll of magic mapping {!r}
 h - a scroll of enchant armour {unknown}
 i - a scroll of identify {unknown}

Dungeon Overview and Level Annotations

Branches:
Dungeon (5/15) Zot: 11493
 Temple: D:4-7

Altars:

Annotations:
D:4 Blork the orc

...... .......
....... ##........
######..[......
#....#.........
#....#.......##.
#...@go........ ..
#....#.......# ...
#....#.......# #..#
#....#.......#
...##
#....#.......##..l.
#....#.......#..#
######.........#
#........##
####.##†..####


You could see an orc wizard (resistant) and a gnoll (swift).


Message History

The orc zaps a wand.
The bolt of acid hits you!
* * * LOW HITPOINT WARNING * * *
The acid corrodes you! 😨 HP[-10]
You take 10 damage, and now have 20/51 hp.
A gnoll comes into view. It is wielding a +0 flail.
The gnoll barely misses you. You furiously retaliate!
You headbutt the gnoll. 😨 HP[+1]
The gnoll bouda attacks as you move away!
The gnoll bouda hits you with a +0 whip of freezing.
* * * LOW HITPOINT WARNING * * *
The gnoll bouda freezes you.
* * * LOW HITPOINT WARNING * * *
😨 HP[-3]
You take 3 damage, and now have 18/51 hp.
The gnoll bouda attacks as you move away!
The gnoll bouda barely misses you.
Okay, then.
Okay, then.
As you read the scroll of fear, it crumbles to dust.
You assume a fearsome visage.
The gnoll bouda resists with some effort.
The gnoll looks frightened! x2
The gnoll shouts!
The gnoll looks frightened!
The orc looks frightened!
The iguana looks frightened! 😨 HP[+1]
You hit the gnoll bouda but do no damage.
The gnoll bouda barely misses you.
It was a potion of resistance.
You feel protected.
The gnoll bouda hits you with a +0 whip of freezing!
* * * LOW HITPOINT WARNING * * *
The gnoll bouda freezes you.
* * * LOW HITPOINT WARNING * * *
😱 HP[-9]
You take 9 damage, and now have 10/51 hp.
You closely miss the gnoll bouda. Your headbutt misses the gnoll bouda.
The orc wizard drinks a potion.
The orc wizard suddenly seems more resistant.
The gnoll bouda gazes fiercely through you!
You feel your attacks grow feeble.
The gnoll bouda hits you with a +0 whip of freezing!
* * * LOW HITPOINT WARNING * * *
😱 HP[-9]
You take 9 damage, and now have 1/51 hp.
You aren't carrying any potions.
Unknown command.
Okay, then.
Aiming: Paralyse
Press: ? - help, Shift-Dir - straight line, f - gnoll bouda
Aim: a gnoll bouda, wielding a +0 whip of freezing and wearing a +0 leather armour (chance to affect: 49%)
The gnoll bouda resists with some effort.
The gnoll bouda barks out a call to the hunt! 😱 HP[+1]
Aiming: Paralyse
Press: ? - help, Shift-Dir - straight line, f/p - gnoll bouda
Aim: a gnoll bouda, wielding a +0 whip of freezing and wearing a +0 leather armour (chance to affect: 49%)
The gnoll bouda resists with some effort.
The gnoll bouda gazes fiercely through you!
You feel as though you will be weak longer.
The gnoll bouda closely misses you.
Aiming: Paralyse
Press: ? - help, Shift-Dir - straight line, f/p - gnoll bouda
Aim: a gnoll bouda, wielding a +0 whip of freezing and wearing a +0 leather armour (chance to affect: 49%)
The gnoll bouda resists with some effort.
The gnoll bouda barely misses you. You furiously retaliate!
You headbutt the gnoll bouda.
Aiming: Paralyse
Press: ? - help, Shift-Dir - straight line, f/p - gnoll bouda
Aim: a gnoll bouda, wielding a +0 whip of freezing and wearing a +0 leather armour (lightly wounded, chance to affect: 49%)
The gnoll bouda suddenly stops moving! 😱 HP[+1]
The helpless gnoll bouda fails to defend itself.
You hit the gnoll bouda but do no damage.
You headbutt the gnoll bouda, but do no damage.
You aren't carrying any potions.
Unknown command.
The helpless gnoll bouda fails to defend itself.
You hit the gnoll bouda but do no damage.
The helpless gnoll bouda fails to defend itself.
You sock the gnoll bouda!
You headbutt the gnoll bouda, but do no damage.
You are no longer corroded.
The helpless gnoll bouda fails to defend itself.
You hit the gnoll bouda but do no damage.
You headbutt the gnoll bouda! 😱 HP[+1]
The helpless gnoll bouda fails to defend itself.
You thump the gnoll bouda!
You kill the gnoll bouda!
Your attacks no longer feel as feeble.
The gnoll seems to regain its courage.
Aiming: Paralyse
Press: ? - help, Shift-Dir - straight line, f - gnoll
Aim: a gnoll, wielding a +0 flail and wearing a +0 robe (covering ground quickly, chance to affect: 57%)
The gnoll resists with significant effort.
The gnoll hits you with a +0 flail.
You die...

Skill      XL: |  1  2  3  4 |
---------------+-------------+-----
Maces & Flails | 3 4 5 7 |  7.9
Fighting       | |  3.6
Dodging        | |  2.1
Stealth        | |  4.1

Action                     |  1- 3 |  4- 6 || total
---------------------------+-------+-------++-------
  Melee: Mace              |    16 |    33 ||    49
         Headbutt          |     2 |    10 ||    12
  Evoke: Wand              |       |     5 ||     5
    Use: Potion            |     1 |     1 ||     2
         Scroll            |       |     1 ||     1
   Stab: Paralysed         |       |     5 ||     5
 Armour: Leather armour    |     3 |       ||     3
         Chain mail        |       |     5 ||     5
  Dodge: Dodged            |     9 |    21 ||    30

Levels and vault maps discovered:
D:4:      layout_loops_ring, minmay_temple_entry_stoned_glass,
          dk_noncrumbling_3, uniq_blork_the_orc
D:5:      layout_rooms, ebering_ghost_inner_flame,
          minmay_fractal_squares_gapless_5

Notes
Turn   | Place    | Note
-------+----------+-------------------------------------------
     0 | D:5      | Kenran the Minotaur Delver began the quest for the Orb.
     0 | D:5      | Reached XP level 1. HP: 19/19 MP: 0/0
     0 | D:5      | magus.rc [v1.11.6]
    26 | D:5      | Noticed a hound
    29 | D:5      | Noticed a howler monkey
    35 | D:5      | Reached skill level 3 in Maces & Flails
    35 | D:5      | Reached XP level 2. HP: 25/26 MP: 1/1
    43 | D:5      | Reached skill level 4 in Maces & Flails
    43 | D:5      | Reached XP level 3. HP: 14/31 MP: 2/2
    46 | D:5      | Reached skill level 5 in Maces & Flails
    46 | D:5      | Reached XP level 4. HP: 15/39 MP: 3/3
   196 | D:5      | Noticed a water moccasin
   200 | D:5      | Killed a water moccasin
   201 | D:5      | Reached skill level 7 in Maces & Flails
   201 | D:5      | Reached XP level 5. HP: 44/45 MP: 4/4
   326 | D:4      | Noticed Blork the orc
   498 | D:5      | Reached XP level 6. HP: 29/51 MP: 5/5
   509 | D:5      | HP: 11/51 [gnoll bouda/+0 whip of freezing (8)]
   510 | D:5      | HP: 1/51 [gnoll bouda/+0 whip of freezing (9)]
   520 | D:5      | Slain by a gnoll

Vanquished Creatures
  A water moccasin (D:5)
  A howler monkey (D:5)
  A hound (D:5)
  A gnoll bouda (D:5)
  A jelly (D:5)
  An iguana (D:5)
  A sleepcap (D:5)
  2 adders (D:5)
  An ufetubus (D:5)
  A quokka (D:5)
11 creatures vanquished.

Table legend:
 A = Non-vault XP
 B = Vault XP
 C = Vault XP percentage of total XP
 D = Non-vault monster count
 E = Vault monster count
 F = Vault count percentage of total count
                 A         B        C        D         E       F
            +---------+---------+-------+---------+---------+-------
      Total |     365 |      78 |  17.6 |       8 |       3 |  27.3
            +---------+---------+-------+---------+---------+-------
        D:5 |     365 |      78 |  17.6 |       8 |       3 |  27.3
            +---------+---------+-------+---------+---------+-------

Skill      XL: |  1  2  3  4 |
---------------+-------------+-----
Maces & Flails | 3 4 5 7 |  7.9
Fighting       | |  3.6
Dodging        | |  2.1
Stealth        | |  4.1

Action                     |  1- 3 |  4- 6 || total
---------------------------+-------+-------++-------
  Melee: Mace              |    16 |    33 ||    49
         Headbutt          |     2 |    10 ||    12
  Evoke: Wand              |       |     5 ||     5
    Use: Potion            |     1 |     1 ||     2
         Scroll            |       |     1 ||     1
   Stab: Paralysed         |       |     5 ||     5
 Armour: Leather armour    |     3 |       ||     3
         Chain mail        |       |     5 ||     5
  Dodge: Dodged            |     9 |    21 ||    30

Illustrated notes

Table legend:
 A = Kills in this place as a percentage of kills in the entire game.
 B = Kills by you in this place as a percentage of kills by you in the entire game.
 C = Kills by friends in this place as a percentage of kills by friends in the entire game.
 D = Other kills in this place as a percentage of other kills in the entire game.
 E = Experience gained in this place as a percentage of experience gained in the entire game.
 F = Experience gained in this place divided by the number of levels of this place that you have seen.
                   A       B       C       D       E      F
               +-------+-------+-------+-------+-------+----------------------
         Total | 100.0 | 100.0 |   N/A |   N/A | 100.0 | 221.5
       Dungeon | 100.0 | 100.0 |   N/A |   N/A | 100.0 | 221.5
               +-------+-------+-------+-------+-------+----------------------

Table legend: (Time is in decaauts)
 A = Elapsed time spent in this place.
 B = Non-inter-level travel time spent in this place.
 C = Inter-level travel time spent in this place.
 D = Time resting spent in this place.
 E = Time spent auto-exploring this place.
 F = Levels seen in this place.
 G = Mean time per level.
                   A        B        C        D        E       F      G
               +--------+--------+--------+--------+--------+-----+--------+
         Total |    505 |    505 |      0 |    210 |     31 |   2 |  252.5 |
       Dungeon |    505 |    505 |      0 |    210 |     31 |   2 |  252.5 |
               +--------+--------+--------+--------+--------+-----+--------+

Top non-repeatable levels by time:
     D:5: 410 daAuts
     D:4: 95 daAuts
